 Dungeon Crawl Stone Soup version 0.24.1-8-ga250c9d538 (webtiles) character file.

Game seed: 17582997536081279500, levelgen mode: deterministic

106 Hugehornet the Changer (level 4, -11/28 HPs)
             Began as an Octopode Transmuter on May 2, 2020.
             Killed by nerve-wracking pain
             ... invoked by an orc priest
              (14 damage)
             ... on level 3 of the Dungeon.
             The game lasted 00:03:47 (2170 turns).

Hugehornet the Changer (Octopode Transmuter)        Turns: 2170, Time: 00:03:47

Health: -11/28     AC:  2    Str:  9    XL:     4   Next: 84%
Magic:  3/7        EV: 19    Int: 16    God:
Gold:   80         SH:  0    Dex: 17    Spells: 1/7 levels left

rFire    . . .     SeeInvis .     - Unarmed
rCold    . . .     Gourm    .   (shield currently unavailable)
rNeg     . . .     Faith    .   (helmet currently unavailable)
rPois    x         Spirit   .   (no amulet)
rElec    .         Reflect  .   (no ring)
rCorr    .         Harm     .   (no ring)
MR       .....                  (no ring)
Stlth    ++........             (no ring)
HPRegen  0.09/turn              (no ring)
MPRegen  0.10/turn              (no ring)
                                (no ring)
                                (no ring)

@: spider-form
A: tiny, almost no armour, stealthy swim, (amphibious), 8 rings, (constrict 8)
a: End Transformation


You were on level 3 of the Dungeon.
You were not hungry.
You were a venomous arachnid creature.
You visited 1 branch of the dungeon, and saw 3 of its levels.

You collected 80 gold pieces.

Inventory:

Missiles
 a - 23 arrows
Scrolls
 b - a scroll of teleportation {unknown}
 d - 2 scrolls of remove curse {unknown}
 e - a scroll of enchant armour {unknown}
 f - 2 scrolls of magic mapping {unknown}
 j - 2 scrolls of identify {unknown}
 k - a scroll of enchant weapon {unknown}
Potions
 g - a potion of agility {unknown}
 h - 2 potions of curing
 i - a potion of lignification {unknown}
Comestibles
 c - 4 rations


   Skills:
 - Level 1.0 Fighting
 - Level 2.0 Dodging
 * Level 3.5 Unarmed Combat
 + Level 2.2 Spellcasting
 * Level 4.0 Transmutations
 + Level 1.2 Poison Magic


You had one spell level left.
You knew the following spells:

 Your Spells              Type           Power        Failure   Level  Hunger
a - Beastly Appendage     Tmut           ##....       12%         1    #......
b - Sticks to Snakes      Tmut           ##......     17%         2    ###....
c - Spider Form           Tmut/Pois      ##........   41%         3    ###....

Your spell library contained the following spells:

 Spells                   Type           Power        Failure   Level  Hunger
 Ice Form                 Ice/Tmut       #.......     83%         4    #####..
 Blade Hands              Tmut           ##........   87%         5    ######.


Dungeon Overview and Level Annotations

Branches:
Dungeon (3/15)

Altars:
Kikubaaqudgha
Ru
Trog
Wu Jian
Yredelemnul


Innate Abilities, Weirdness & Mutations

You cannot wear most types of armour.
You are very stealthy in the water. (Stealth+)
((You are amphibious.))
You can wear up to eight rings at the same time.
((You can use your tentacles to constrict eight enemies at once.))
((Your skin changes colour to match your surroundings (Stealth+).))
((Your rubbery body absorbs attacks. (AC +1, EV +1)))


Message History

You hit the orc.
The orc is poisoned.
The orc is heavily wounded.
The orc hits you with a +0 dagger. The orc closely misses you.
You hit the orc.
The orc looks as sick as possible!
The orc is almost dead.
You kill the orc!
The orc priest calls down the wrath of Beogh upon you.
Pain shoots through your body! The orc barely misses you.
The orc priest barely misses you. The orc misses you.
There is an open door, spattered with blood here.
Items here: ( ) [ †† a +0 dagger; 3 boomerangs; a +0 ring mail; a giant cockroach corpse a quokka corpse You completely miss the orc priest.
The orc priest completely misses you.
You barely miss the orc priest. The orc hits you with a +0 trident!
* * * LOW HITPOINT WARNING * * *
The orc priest mumbles some strange prayers to Beogh against you.
Pain shoots through your body!
Ouch! That really hurt!
You die...

###.........# #........
#.....†.....# #........
#...........# #........
#...........# #........
###.........# #..S.....
##.#..##### #........
#.#..# #########........
#.#..###o...............
#.#....so..............$
#..###................
#..# #.)..........#.##
#..# ############.#...
#..# .# ## #.>. .. #..#
# ...


You could see an orc priest and an orc.

Vanquished Creatures
  An orc wizard (D:3)
  An adder (D:3)
  An ooze (D:2)
  3 worms (D:2)
  3 dart slugs
  A leopard gecko (D:1)
  2 orcs (D:3)
  3 giant cockroaches
  7 goblins
  3 hobgoblins
  2 quokkas (D:3)
  2 ball pythons (D:2)
  7 bats
  3 frilled lizards (D:1)
  7 kobolds
  3 rats
49 creatures vanquished.

Notes
Turn   | Place    | Note
-------+----------+-------------------------------------------
     0 | D:1      | Hugehornet the Octopode Transmuter began the quest for the
                  | Orb.
     0 | D:1      | Reached XP level 1. HP: 13/13 MP: 3/3
    36 | D:1      | Reached XP level 2. HP: 7/18 MP: 3/5
   227 | D:1      | Learned a level 2 spell: Sticks to Snakes
   290 | D:1      | Reached skill level 3 in Transmutations
   532 | D:1      | Reached XP level 3. HP: 23/23 MP: 4/6
   758 | D:2      | Learned a level 3 spell: Spider Form
  1474 | D:2      | Reached XP level 4. HP: 25/28 MP: 7/7
  1528 | D:2      | Found an ornate altar of the Wu Jian Council.
  1528 | D:2      | Found an ancient bone altar of Kikubaaqudgha.
  1533 | D:2      | Found a basalt altar of Yredelemnul.
  1535 | D:2      | Found a sacrificial altar of Ru.
  1536 | D:2      | Found a bloodstained altar of Trog.
  2154 | D:3      | Reached skill level 4 in Transmutations
  2154 | D:3      | Reached skill level 1 in Poison Magic
  2170 | D:3      | Killed from afar by an orc priest

Levels and vault maps discovered:
D:1:      dpeg_arrival_refuge, layout_loops_cross
D:2:      layout_loops_cross, chequers_temple_overflow_minitemple,
          serial_co_window_serial, co_window_corner_a, co_window_paths_b,
          co_window_of_opportunity_a, co_window_paths_a, co_window_paths_a,
          co_window_corner_a, co_window_of_opportunity_a,
          co_window_of_opportunity_b, co_window_paths_c, co_window_2corner,
          co_window_of_opportunity_c, co_window_broadway_a, co_window_corner_ca,
          glass_columns_a, glass_columns_b, glass_columns_c, glass_columns_b,
          glass_columns_a, minmay_misc_feat_tower, grunt_decor_one_mirror
D:3:      kennysheep_the_goblin_king, layout_basic

Skill      XL: |  1  2  3  4 |
---------------+-------------+-----
Transmutations | 3 4 |  4.0
Poison Magic   | 1 |  1.2
Fighting       | |  1.0
Dodging        | |  2.0
Unarmed Combat | |  3.5
Spellcasting   | |  2.2

Action                   |  1- 3 |  4- 6 || total
-------------------------+-------+-------++-------
Melee: Unarmed           |    81 |    24 ||   105
       Constrict         |    21 |     2 ||    23
       Kick              |    18 |     1 ||    19
       Punch             |     3 |       ||     3
       Tentacles         |     8 |     3 ||    11
 Cast: Beastly Appendage |    29 |     4 ||    33
       Spider Form       |       |     2 ||     2
  Use: Potion            |       |     2 ||     2
 Stab: Sleeping          |     6 |       ||     6
  Eat: Chunk             |     1 |     1 ||     2
       Ration            |       |     1 ||     1
Armor: Skin              |     8 |     3 ||    11
Dodge: Dodged            |    40 |    28 ||    68
